 Dungeon Crawl Stone Soup version 0.30-a0-760-g5a9884bb7c (webtiles) character file.

Game seed: 15392923531090629290

533 Lobster4 the Magician (level 7, -4/39 HPs)
             Began as a Deep Elf Earth Elementalist on Feb 10, 2023.
             Was an Initiate of Vehumet.
             Slain by Pikel
             ... wielding a +0 whip of freezing
              (9 damage)
             ... on level 4 of the Dungeon.
             The game lasted 00:12:03 (4658 turns).

Lobster4 the Magician (Deep Elf Earth Elementalist) Turns: 4658, Time: 00:12:04

Health: -4/39      AC:  4    Str:  5    XL:     7   Next: 4%
Magic:  2/15       EV: 14    Int: 22    God:    Vehumet [......]
Gold:   209        SH:  0    Dex: 21    Spells: 8/14 levels left

rFire   . . .      SeeInvis .    a - +2 short sword (flame)
rCold   . . .      Faith    .    (no shield)
rNeg    . . .      Spirit   .    c - +0 robe
rPois   .          Reflect  .    r - +1 hat
rElec   .          Harm     .    (no cloak)
rCorr   .          Rampage  .    (no gloves)
Will    .....                    e - +0 pair of boots
Stlth   +++                      (no amulet)
HPRegen 0.26/turn                d - +6 ring of dexterity
MPRegen 0.14/turn                (no ring)

@: about to teleport
A: no striking features
a: Renounce Religion


You were on level 4 of the Dungeon.
You worshipped Vehumet.
Vehumet was noncommittal.
You visited 1 branch of the dungeon, and saw 4 of its levels.

You collected 209 gold pieces.

Inventory:

Hand Weapons
 a - a +2 short sword of flaming (weapon)
 b - a +0 sling
 n - a +0 arbalest
 u - a +5 falchion
Missiles
 i - 5 poisoned darts (quivered)
Armour
 c - a +0 robe (worn)
 e - a +0 pair of boots (worn)
 m - a +0 leather armour
 r - a +1 hat (worn)
Jewellery
 d - a +6 ring of dexterity (left hand)
 j - a +6 ring of dexterity
 l - an amulet of reflection
Wands
 x - a wand of digging (3)
Scrolls
 q - a scroll of teleportation
 v - a scroll of poison {unknown}
 w - a scroll of magic mapping {unknown}
 y - a scroll of identify
 z - a scroll of blinking {unknown}
Potions
 f - 2 potions of mutation {unknown}
 g - 6 potions of curing {unknown}
 h - a potion of haste
 k - a potion of magic
 o - 2 potions of flight {unknown}
 p - 2 potions of attraction {unknown}
 s - 2 potions of resistance {unknown}
 t - a potion of lignification


   Skills:
 + Level 1.9 Fighting
 + Level 1.9 Short Blades
 - Level 2.0 Ranged Weapons
 + Level 1.8 Throwing
 + Level 1.2 Armour
 + Level 3.9 Dodging
 + Level 4.0 Stealth
 + Level 4.4 Spellcasting
 + Level 1.8 Conjurations
 - Level 1.1 Transmutations
 + Level 4.3 Earth Magic


You had 8 spell levels left.
You knew the following spells:

 Your Spells              Type           Power      Damage    Failure   Level
a - Sandblast             Erth           48%        2d12      1%          1
b - Stone Arrow           Conj/Erth      36%        3d9       9%          3
c - Passwall              Tmut/Erth      13%        N/A       5%          2

Your spell library contained the following spells:

 Spells                   Type           Power      Damage    Failure   Level
 Wereblood                Tmut           9%         N/A       11%         2
 Scorch                   Fire           8%         2d5       16%         2
 Sublimation of Blood     Necr           4%         N/A       16%         2
 Dazzling Flash           Conj/Hex       16%        N/A       22%         3
 Petrify                  Tmut/Erth      16%        N/A       34%         4
 Flame Wave               Conj/Fire      8%         2d5       58%         4
 Iskenderun's Mystic Bla  Conj/Tloc      8%         2d4       58%         4
 Starburst                Conj/Fire      4%         6d3       100%        6
 Summon Cactus Giant      Summ           2%         N/A       100%        6
 Summon Hydra             Summ           2%         N/A       100%        7


Dungeon Overview and Level Annotations

Branches:
Dungeon (4/15)
 Temple: D:4-7

Altars:
Makhleb
Nemelex Xobeh
Qazlal
Vehumet
Zin

Annotations:
D:1 Terence
D:3 1 runed translucent door, MrSquiggles's ghost, amateur OpCj
D:4 Pikel


Message History

Confirm with . or Enter, or press ? or * to list all spells.
Aiming: Sandblast (safe; 1% risk of failure)
Press: ? - help, Shift-Dir - straight line, f/p - Pikel
Aim: Pikel, wielding a +0 whip of freezing and wearing a +0 robe (severely wounded, 79% to hit)
The blast of sand hits Pikel.
Pikel is severely wounded.
Pikel hits you with a +0 whip of freezing.
Pikel freezes you.
Casting: Sandblast (safe; 1% risk of failure)
Confirm with . or Enter, or press ? or * to list all spells.
Aiming: Sandblast (safe; 1% risk of failure)
Press: ? - help, Shift-Dir - straight line, f/p - Pikel
Aim: Pikel, wielding a +0 whip of freezing and wearing a +0 robe (severely wounded, 79% to hit)
The blast of sand misses Pikel.
Pikel barely misses you. Pikel misses you.
Casting: Sandblast (safe; 1% risk of failure)
Confirm with . or Enter, or press ? or * to list all spells.
Aiming: Sandblast (safe; 1% risk of failure)
Press: ? - help, Shift-Dir - straight line, f/p - Pikel
Aim: Pikel, wielding a +0 whip of freezing and wearing a +0 robe (severely wounded, 79% to hit)
The blast of sand hits Pikel but does no damage.
Pikel is severely wounded.
Pikel completely misses you.
Casting: Sandblast (safe; 1% risk of failure)
Confirm with . or Enter, or press ? or * to list all spells.
Aiming: Sandblast (safe; 1% risk of failure)
Press: ? - help, Shift-Dir - straight line, f/p - Pikel
Aim: Pikel, wielding a +0 whip of freezing and wearing a +0 robe (severely wounded, 79% to hit)
The blast of sand misses Pikel.
Pikel says, "Hell isn't that bad."
Pikel hits you with a +0 whip of freezing!
Pikel freezes you. The lemure hits you. The lemure closely misses you.
Pikel hits you with a +0 whip of freezing!
* * * LOW HITPOINT WARNING * * *
Pikel freezes you.
* * * LOW HITPOINT WARNING * * *
Your magical contamination has completely faded away.
As you read the scroll of teleportation, it crumbles to dust.
You feel strangely unstable.
Pikel hits you with a +0 whip of freezing!
You die...

#.# ####.##.# #.#..#.######...#
### ####.##.# #^#..#.#.........
####.......####.#..#...........
#A#####.##...........#.#####..#
######........................)#
##._.###.....###..####..........#
.#...#..#.#.## #.## ###<######.#
?'...'....#.# #5# ###.######.#
.....#..###.####@#####..........#
##._.#### #......K.(##.#######...
##### ######....((.# #.#. #2#
####.#### #... ### #.# #.## #.#
#.# #.# #.# #.# #.# #.# #)


You could see Pikel and a lemure.

Vanquished Creatures
  2 black bears (D:4)
  3 lemures (D:4)
  A phantom (D:3)
  A scorpion (D:4)
  A hound (D:4)
  An orc wizard (D:3)
  Ijyb (D:4)
  4 adders
  An ufetubus (D:4)
  2 dart slugs
  5 orcs
  6 bats
  9 endoplasms
  6 giant cockroaches
  8 goblins
  5 hobgoblins
  8 jackals
  2 quokkas
  5 ball pythons
  4 frilled lizards
  11 kobolds
  2 rats
88 creatures vanquished.

Notes
Turn   | Place    | Note
-------+----------+-------------------------------------------
     0 | D:1      | Lobster4 the Deep Elf Earth Elementalist began the quest
                  | for the Orb.
     0 | D:1      | Reached XP level 1. HP: 10/10 MP: 6/6
    93 | D:1      | You fall into a shaft and drop 1 floor!
   187 | D:2      | Reached XP level 2. HP: 16/16 MP: 5/8
   219 | D:2      | Noticed Terence
   591 | D:1      | Found a faded altar of an unknown god.
   808 | D:1      | Reached XP level 3. HP: 20/20 MP: 5/9
  2037 | D:2      | Learned a level 3 spell: Stone Arrow
  2131 | D:2      | Reached skill level 1 in Fighting
  2198 | D:2      | Reached XP level 4. HP: 25/25 MP: 9/11
  2671 | D:3      | Found a runed translucent door.
  2675 | D:3      | Noticed MrSquiggles's ghost (amateur OpCj)
  2748 | D:3      | Reached skill level 1 in Ranged Weapons
  2873 | D:3      | Noticed a phantom
  3181 | D:3      | Killed a phantom
  3182 | D:3      | Reached skill level 1 in Short Blades
  3182 | D:3      | Reached skill level 1 in Throwing
  3182 | D:3      | Reached skill level 1 in Conjurations
  3182 | D:3      | Reached XP level 5. HP: 24/29 MP: 8/13
  3387 | D:4      | Noticed a lemure
  3387 | D:4      | Noticed a lemure
  3387 | D:4      | Noticed a lemure
  3413 | D:4      | Noticed a black bear
  3421 | D:4      | Killed a black bear
  3422 | D:4      | Reached XP level 6. HP: 34/34 MP: 11/14
  3527 | D:4      | Reached skill level 1 in Armour
  3683 | D:4      | Learned a level 2 spell: Passwall
  4001 | D:4      | Noticed Ijyb
  4009 | D:4      | Killed Ijyb
  4010 | D:4      | Reached XP level 7. HP: 18/39 MP: 7/15
  4092 | D:4      | Found a sparkling altar of Nemelex Xobeh.
  4095 | D:4      | Found a stormy altar of Qazlal.
  4097 | D:4      | Found a radiant altar of Vehumet.
  4175 | D:4      | Became a worshipper of Vehumet
  4290 | D:4      | Noticed Pikel
  4451 | D:4      | Found a burning altar of Makhleb.
  4451 | D:4      | Found a glowing silver altar of Zin.
  4452 | D:4      | Noticed an angel
  4452 | D:4      | Noticed a green death
  4658 | D:4      | Slain by Pikel

Illustrated notes

Levels and vault maps discovered:
D:1:      dpeg_arrival_snail, layout_basic, shapermc_ecumenical_altar_flowoftime
D:2:      layout_basic, uniq_terence
D:3:      layout_basic, ebering_ghost_sewer_d
D:4:      layout_loops_ring, grunt_temple_overflow_order_and_chaos_2,
          grunt_temple_overflow_diamond, minmay_increasing_density, uniq_pikel,
          uniq_ijyb

Skill      XL: |  1  2  3  4  5  6 |
---------------+-------------------+-----
Stealth        | 3 4 |  4.0
Dodging        | 3 |  3.9
Fighting       | 1 |  1.9
Ranged Weapons | 1 2 |  2.0
Short Blades   | 1 |  1.9
Throwing       | 1 |  1.8
Spellcasting   | 4 |  4.4
Conjurations   | 1 |  1.8
Earth Magic    | 4 |  4.3
Armour         | 1 |  1.2
Transmutations | |  1.1

Action                     |  1- 3 |  4- 6 |  7- 9 || total
---------------------------+-------+-------+-------++-------
  Melee: Short sword       |     2 |     2 |       ||     4
         Falchion          |       |     4 |       ||     4
  Throw: Dart              |     2 |     5 |     7 ||    14
   Cast: Sandblast         |    58 |    74 |    17 ||   149
         Stone Arrow       |       |       |     2 ||     2
    Use: Scroll            |     6 |     1 |     1 ||     8
         Potion            |     1 |       |       ||     1
 Armour: Robe              |    12 |    18 |       ||    30
  Dodge: Dodged            |    27 |    45 |     9 ||    81

Table legend: (Time is in decaauts)
 A = Elapsed time spent in this place.
 B = Non-inter-level travel time spent in this place.
 C = Inter-level travel time spent in this place.
 D = Time resting spent in this place.
 E = Time spent auto-exploring this place.
 F = Levels seen in this place.
 G = Mean time per level.
                   A        B        C        D        E       F      G
               +--------+--------+--------+--------+--------+-----+--------+
         Total |   4711 |   4586 |    125 |    319 |   3304 |   4 | 1177.8 |
       Dungeon |   4711 |   4586 |    125 |    319 |   3304 |   4 | 1177.8 |
               +--------+--------+--------+--------+--------+-----+--------+

Top non-repeatable levels by time:
     D:2: 1343 daAuts
     D:4: 1328 daAuts
     D:1: 1083 daAuts
     D:3: 956 daAuts
